Map: [ESL] Oceanborn

Players

Mixu

  • Race: Zerg Zerg
  • League: Grandmaster
  • Spawn Location: 5:00

Scarlett - Winner!

  • Race: Zerg Zerg
  • Spawn Location: 11:00

Event: HomeStory Cup XXIV

VOD

Have the link to the VOD?

Description

Time

  • Played on: Dec. 2, 2023, 12:12 p.m.
  • Length: 10:10

All games in this series

Show
View Real Time Build Order
Export as new Build Order

Mixu Zerg 

Build Orders: Hatch First 

Get SALT Encoding   

  12  0:00  Drone  
  13  0:12  Overlord  
  13  0:16  Drone  
  14  0:30  Drone x2  
  16  0:48  Hatchery  
  15  0:50  Drone  
  15  0:54  Drone  
  17  0:57  Drone  
  18  1:08  Extractor  
  17  1:12  Spawning Pool  
  17  1:16  Drone  
  17  1:19  Drone  
  18  1:27  Drone  
  19  1:39  Drone  
  20  1:49  Drone  
  21  1:59  Queen x2  
  21  2:00  Zergling x2  
  26  2:01  Overlord  
  26  2:08  Metabolic Boost  
  26  2:11  Drone x2  
  28  2:22  Zergling x2  
  29  2:24  Drone  
  30  2:34  Hatchery  
  30  2:35  Drone  
  30  2:38  Drone  
  31  2:47  Baneling Nest  
  31  2:49  Drone  
  31  2:53  Overlord  
  31  2:57  Drone x2  
  33  3:06  Zergling x4  
  33  3:07  Zergling x2  
  33  3:11  Overlord  
  35  3:13  Drone x2  
  35  3:16  Drone  
  35  3:19  Zergling x4  
  40  3:23  Drone  
  41  3:27  Drone  
  42  3:34  Overlord  
  42  3:38  Drone  
  42  3:39  Roach Warren  
  41  3:44  Drone x3  
  44  3:51  Baneling  
  44  3:53  Drone x3  
  44  3:54  Queen  
  49  4:03  Drone x3  
  52  4:11  Extractor  
  52  4:12  Drone x2  
  52  4:16  Evolution Chamber  
  52  4:17  Baneling x2  
  52  4:18  Zergling x8  
  52  4:20  Overlord  
  52  4:21  Drone  
  57  4:30  Drone x2  
  58  4:34  Drone x4  
  58  4:37  Drone  
  61  4:38  Lair  
  61  4:41  Zerg Missile Weapons Level 1  
  61  4:49  Drone x3  
  61  4:53  Drone x4  
  61  4:56  Extractor, Drone  
  61  4:57  Extractor  
  64  5:00  Drone  
  64  5:05  Drone  
  66  5:08  Drone x2  
  66  5:11  Baneling  
  66  5:12  Roach x3  
  73  5:17  Overlord  
  73  5:18  Extractor  
  72  5:26  Overlord  
  70  5:29  Overlord x2  
  70  5:30  Drone x4  
  70  5:35  Extractor  
  72  5:36  Overlord x2  
  72  5:37  Overseer  
  72  5:38  Drone  
  72  5:39  Drone  
  72  5:41  Drone  
  75  5:44  Glial Reconstitution  
  75  5:45  Drone x4  
  75  5:49  Drone x2  
  82  5:50  Drone  
  82  5:51  Drone, Spire  
  82  5:56  Roach, Hatchery  
  83  5:58  Roach  
  83  6:02  Roach  
  87  6:08  Roach x4  
  94  6:13  Hatchery  
  94  6:14  Roach x3  
  100  6:20  Overlord x2  
  100  6:21  Overlord  
  100  6:23  Pneumatized Carapace  
  100  6:35  Zerg Missile Weapons Level 2  
  100  6:38  Roach x4  
  108  6:43  Overlord  
  108  6:45  Roach x5  
  118  6:49  Overlord x2  
  118  6:56  Roach x5  
  128  7:03  Overlord  
  128  7:04  Overlord x2  
  128  7:10  Mutalisk x3  
  128  7:13  Mutalisk  
  136  7:16  Mutalisk, Overlord  
  138  7:23  Mutalisk, Drone x6  
  138  7:26  Extractor  
  145  7:31  Roach  
  145  7:32  Roach x4  
  145  7:35  Roach x2  
  155  7:42  Roach x3  
  159  7:47  Roach x5  
  167  7:54  Roach x4  
  156  7:58  Roach x3  
  156  8:01  Roach  
  156  8:04  Roach  
  135  8:07  Roach  
  135  8:10  Roach  
  120  8:14  Roach x2  
  120  8:17  Roach  
  111  8:20  Roach  
  111  8:25  Roach x2  
  105  8:28  Roach  
  105  8:33  Roach x2  
  100  8:39  Mutalisk  
  96  8:42  Roach  
  96  8:48  Roach x2  
  96  8:55  Roach x2  
  95  9:03  Roach x3  
  101  9:10  Roach x2  
  101  9:16  Roach x2  
  109  9:19  Ravager x2  
  109  9:20  Ravager x2  
  109  9:22  Roach  
  115  9:28  Roach x2  
  115  9:29  Roach  
  117  9:36  Hatchery  
  117  9:37  Roach x2  
  120  9:41  Roach x2  
  120  9:45  Roach x2  
  124  9:49  Roach x2  
Show
View Real Time Build Order
Export as new Build Order

Scarlett Zerg - Winner!

Build Orders: Hatch First 

Get SALT Encoding   

  12  0:00  Drone  
  13  0:12  Overlord  
  13  0:17  Drone  
  14  0:30  Drone x2  
  16  0:46  Hatchery  
  15  0:50  Drone  
  15  0:54  Drone  
  17  0:57  Drone  
  18  1:08  Extractor  
  17  1:12  Spawning Pool  
  17  1:15  Drone  
  18  1:18  Drone  
  18  1:27  Drone  
  19  1:38  Drone  
  20  1:49  Drone  
  21  1:58  Queen  
  21  1:59  Zergling x2, Queen, Overlord  
  26  2:07  Metabolic Boost  
  26  2:09  Drone  
  26  2:10  Drone  
  28  2:20  Zergling x2  
  28  2:21  Drone  
  30  2:31  Drone  
  30  2:32  Drone  
  30  2:37  Hatchery  
  31  2:41  Drone  
  32  2:44  Baneling Nest  
  32  2:49  Overlord  
  31  2:58  Drone x2  
  33  3:06  Zergling x2  
  33  3:07  Drone x2  
  33  3:10  Drone x4  
  40  3:16  Zergling x2  
  40  3:18  Queen  
  43  3:23  Overlord  
  43  3:24  Drone  
  44  3:30  Baneling  
  44  3:39  Overlord  
  44  3:42  Zergling x2  
  44  3:43  Zergling x10  
  44  3:44  Evolution Chamber  
  44  3:45  Baneling x2  
  48  3:50  Drone x3  
  48  3:54  Extractor  
  50  4:04  Drone x4  
  50  4:09  Extractor  
  53  4:10  Drone x3  
  53  4:11  Roach Warren  
  53  4:13  Drone x2  
  53  4:15  Drone  
  58  4:20  Drone x3  
  58  4:23  Overlord  
  61  4:31  Drone x4  
  61  4:36  Drone  
  64  4:39  Zerg Missile Weapons Level 1  
  64  4:40  Lair  
  63  4:46  Drone  
  63  4:48  Drone x4  
  63  4:51  Drone x3  
  69  4:54  Drone  
  69  4:55  Extractor  
  69  4:59  Overlord  
  69  5:00  Drone  
  69  5:03  Extractor  
  69  5:04  Extractor  
  68  5:10  Drone x6  
  74  5:15  Overlord x2  
  73  5:32  Drone x2  
  73  5:33  Drone x4  
  79  5:38  Glial Reconstitution, Overlord x2  
  79  5:39  Hatchery  
  79  5:40  Overseer  
  79  5:41  Roach x3  
  84  5:51  Infestation Pit, Overlord x3  
  84  5:56  Roach x3  
  89  6:03  Roach x4  
  97  6:06  Overlord  
  95  6:13  Roach x5  
  95  6:17  Ravager x2  
  106  6:18  Ravager x2  
  106  6:19  Overlord  
  106  6:20  Overlord  
  108  6:30  Infestor x2  
  114  6:33  Infestor, Roach x5  
  114  6:39  Roach x3  
  130  6:46  Roach x4  
  138  6:53  Zerg Missile Weapons Level 2  
  138  6:55  Roach  
  138  7:00  Roach x4  
  148  7:08  Roach x4  
  154  7:12  Overlord x2  
  154  7:14  Overlord x2  
  154  7:16  Roach x2  
  154  7:20  Roach  
  154  7:21  Roach  
  162  7:26  Roach x3  
  168  7:33  Roach x5  
  168  7:35  Ravager  
  175  7:37  Ravager  
  176  7:45  Hydralisk Den  
  176  7:48  Roach x4  
  177  7:58  Pneumatized Carapace  
  164  8:00  Roach x4  
  164  8:05  Roach x3  
  145  8:13  Drone x10  
  145  8:16  Extractor  
  144  8:23  Grooved Spines  
  144  8:25  Hydralisk x5, Spore Crawler  
  129  8:35  Roach x6  
  123  8:48  Hydralisk x5  
  123  8:53  Hydralisk  
  133  9:01  Hydralisk x3  
  135  9:03  Spore Crawler  
  135  9:06  Spore Crawler  
  135  9:07  Spore Crawler  
  135  9:08  Roach x5  
  134  9:35  Roach x14  
  162  9:43  Spore Crawler  
  157  9:48  Roach x11  
  166  10:02  Spore Crawler  
Tags
 
Add a new tag
Caveats
  • Supply blocks, unpowered buildings, or Contaminate may cause inaccurate times.
  • Supply counts are checked every 10 seconds.